Map: Jagannatha LE

Players

INnoVation - Winner!

  • Race: Terran Terran
  • Spawn Location: 1:00

HeroMarine

  • Race: Terran Terran
  • Spawn Location: 7:00

VOD

Have the link to the VOD?

Description

Time

  • Played on: Jan. 14, 2021, 9:34 a.m.
  • Length: 13:24
Show
View Real Time Build Order
Export as new Build Order

INnoVation Terran - Winner!

Build Orders: Cyclone Opening 

Get SALT Encoding   

  12  0:00  SCV  
  13  0:12  SCV  
  14  0:17  Supply Depot  
  14  0:24  SCV  
  15  0:38  SCV  
  15  0:39  Barracks  
  16  0:43  Refinery  
  16  0:50  SCV  
  16  0:53  Refinery  
  17  1:03  SCV  
  18  1:15  SCV  
  19  1:27  Orbital Command, Reaper  
  19  1:30  Supply Depot  
  20  1:43  Factory  
  20  1:53  SCV  
  21  1:59  Reaper  
  22  2:05  SCV  
  23  2:17  SCV  
  23  2:22  Command Center  
  24  2:27  Factory Tech Lab  
  24  2:30  SCV  
  24  2:33  Supply Depot  
  24  2:35  Barracks Reactor  
  25  2:42  SCV  
  26  2:47  Cyclone  
  29  2:54  SCV  
  30  3:05  Starport  
  30  3:06  SCV  
  30  3:14  Marine x2  
  30  3:15  Refinery  
  30  3:19  SCV  
  33  3:23  Siege Tank  
  36  3:32  Marine x2  
  37  3:34  Orbital Command  
  37  3:37  SCV  
  38  3:41  Starport Tech Lab  
  38  3:49  SCV  
  38  3:50  Marine x2  
  41  4:00  Raven, SCV  
  41  4:01  SCV  
  41  4:02  Supply Depot  
  45  4:08  Marine x2  
  47  4:13  Siege Tank  
  47  4:16  SCV x2  
  52  4:19  Supply Depot  
  52  4:25  Marine  
  52  4:26  Marine  
  52  4:28  SCV x2  
  56  4:40  SCV x2  
  56  4:43  Raven, Marine x2  
  56  4:45  Supply Depot  
  62  4:53  Siege Tank  
  62  4:54  SCV x2  
  62  4:57  Supply Depot  
  67  5:01  Marine x2  
  67  5:06  SCV x2  
  71  5:12  Command Center  
  71  5:18  SCV x2  
  73  5:25  Siege Tank  
  73  5:26  Barracks  
  75  5:30  SCV x2  
  75  5:33  Barracks, Starport Reactor  
  75  5:35  Stimpack  
  77  5:36  Marine  
  79  5:42  SCV  
  79  5:43  SCV  
  79  5:45  Supply Depot  
  80  5:52  Refinery  
  80  5:54  SCV  
  80  5:55  SCV, Marine  
  83  5:57  Engineering Bay  
  83  5:59  Siege Tank  
  83  6:00  Engineering Bay  
  86  6:07  SCV x2  
  86  6:11  Supply Depot  
  87  6:17  Starport Reactor, Marine  
  87  6:18  Marine x2  
  90  6:21  SCV x2  
  92  6:25  Orbital Command  
  92  6:28  Marine x2  
  92  6:31  Siege Tank  
  97  6:35  Marine  
  97  6:37  Terran Infantry Armor Level 1, Terran Infantry Weapons Level 1  
  98  6:41  SCV x2  
  98  6:45  Marine x2  
  98  6:46  Marine x2  
  104  6:48  Orbital Command  
  104  6:53  Marine  
  105  6:54  Supply Depot  
  105  6:55  Medivac  
  105  6:58  Medivac, Supply Depot  
  109  7:07  SCV x2  
  110  7:11  Siege Tank  
  110  7:12  Supply Depot  
  110  7:14  Combat Shield  
  113  7:17  SCV  
  113  7:19  SCV x2  
  116  7:27  Barracks  
  116  7:28  Barracks, Marine  
  116  7:29  Marine  
  118  7:30  Marine x3  
  118  7:35  SCV x3  
  124  7:37  Supply Depot  
  124  7:49  Siege Tank  
  124  7:50  Marine  
  124  7:51  Marine x4  
  102  7:53  SCV x3  
  93  8:03  Medivac x2  
  93  8:04  Armory  
  93  8:05  SCV x3  
  91  8:08  Marine x3  
  91  8:09  Marine x2  
  91  8:10  Refinery x2  
  96  8:17  SCV x3  
  100  8:20  Barracks Reactor  
  100  8:21  Barracks Reactor  
  100  8:22  Siege Tank  
  100  8:26  Marine x4  
  105  8:30  Command Center, Marine  
  107  8:40  Supply Depot  
  107  8:41  Sensor Tower  
  106  8:43  Medivac x2  
  106  8:44  Marine x4  
  106  8:46  Missile Turret  
  114  8:53  Barracks  
  114  8:54  Barracks  
  114  8:55  Factory  
  114  8:57  Barracks Reactor  
  114  8:58  Terran Infantry Weapons Level 2  
  114  9:00  SCV  
  114  9:01  SCV x2, Marine x4  
  114  9:02  Marine x2  
  123  9:07  Terran Infantry Armor Level 2  
  123  9:11  Marine  
  123  9:12  Marine  
  125  9:19  Marine x3  
  125  9:20  Siege Tank  
  131  9:25  Medivac  
  131  9:27  Marine x2  
  131  9:28  Terran Vehicle Weapons Level 1, SCV x3  
  131  9:29  Marine x2  
  139  9:37  Marine  
  139  9:42  Barracks Reactor, Siege Tank  
  139  9:43  Barracks Reactor, Marine x5  
  139  9:45  Marine  
  146  9:52  Sensor Tower  
  146  9:53  SCV x2  
  146  9:58  Planetary Fortress, Marine  
  146  9:59  Marine x3  
  152  10:01  Marine x2  
  154  10:08  Siege Tank  
  154  10:09  Marine x4  
  154  10:12  Supply Depot  
  161  10:16  Medivac, Marine x2  
  161  10:17  Medivac  
  164  10:21  Marine x3  
  164  10:23  Supply Depot, Marine  
  164  10:24  Supply Depot x2  
  164  10:25  Marine  
  164  10:26  Marine  
  170  10:30  Marine x2  
  170  10:33  Siege Tank, Marine  
  170  10:34  Marine x4  
  180  10:43  Refinery  
  180  10:44  Refinery  
  180  10:45  SCV x3  
  182  10:51  Siege Tank  
  182  10:52  Marine x6  
  182  10:55  Marine x2  
  193  11:01  Marine x6  
  199  11:09  Marine  
  199  11:10  Marine  
  160  11:27  Marine x13  
  160  11:29  Siege Tank  
  161  11:33  Siege Tank  
  161  11:38  Marine  
  150  11:41  Medivac  
  150  11:42  Medivac  
  150  11:45  Marine x2  
  145  11:48  Marine x11  
  150  11:56  Marine  
  154  12:01  Siege Tank  
  154  12:02  Marine  
  154  12:03  Marine  
  154  12:06  Siege Tank, Marine x7  
  156  12:11  Medivac x2  
  156  12:12  Marine  
  156  12:13  Marine x3  
  156  12:14  Marine  
  149  12:20  Marine  
  149  12:21  Marine  
  151  12:24  Starport  
  151  12:25  Starport  
  151  12:28  Marine  
  151  12:29  Marine x6  
  158  12:30  Marine x2  
  158  12:33  Siege Tank  
  162  12:38  Siege Tank  
  162  12:39  SCV x2  
  167  12:46  Medivac x2  
  167  12:48  Command Center  
  167  12:49  Marine x2  
  167  12:50  Marine x6  
  179  12:55  Marine x5  
  192  13:13  Starport Tech Lab  
  192  13:14  Starport Tech Lab  
Show
View Real Time Build Order
Export as new Build Order

HeroMarine Terran 

Build Orders:  

Get SALT Encoding   

  12  0:00  SCV  
  13  0:12  SCV  
  14  0:17  Supply Depot  
  14  0:24  SCV  
  15  0:38  SCV  
  15  0:40  Barracks  
  16  0:43  Refinery  
  16  0:51  SCV  
  16  0:53  Refinery  
  17  1:03  SCV  
  18  1:15  SCV  
  19  1:27  Orbital Command, Reaper  
  19  1:28  Supply Depot  
  20  1:41  Factory  
  20  1:53  SCV  
  21  1:59  Reaper  
  22  2:05  SCV  
  23  2:17  SCV  
  23  2:20  Command Center  
  24  2:27  Hellion  
  24  2:29  SCV  
  27  2:36  Barracks Reactor  
  27  2:37  Supply Depot  
  27  2:41  SCV  
  28  2:49  Widow Mine  
  28  2:51  Starport  
  30  2:54  SCV  
  29  3:06  SCV  
  29  3:12  Factory Tech Lab  
  30  3:18  SCV  
  31  3:21  Refinery  
  31  3:25  Marine x2  
  33  3:30  SCV  
  33  3:32  Orbital Command  
  34  3:41  Factory Tech Lab  
  34  3:42  SCV  
  34  3:43  Marine x2  
  34  3:44  Raven  
  39  3:54  SCV  
  40  3:58  SCV  
  40  4:00  Cyclone  
  40  4:01  Marine x2  
  46  4:05  Supply Depot  
  46  4:07  SCV  
  47  4:10  SCV  
  48  4:19  SCV  
  48  4:23  Marine x2  
  52  4:27  Raven  
  52  4:28  Supply Depot  
  54  4:31  SCV  
  54  4:33  Siege Tank  
  54  4:34  SCV  
  58  4:43  SCV, Marine x2  
  61  4:46  SCV  
  62  4:55  SCV  
  62  4:58  SCV  
  64  5:04  Command Center  
  64  5:05  Siege Tank  
  67  5:08  Supply Depot  
  67  5:09  SCV  
  67  5:11  SCV  
  69  5:16  Supply Depot  
  69  5:21  SCV  
  69  5:24  Stimpack  
  70  5:30  SCV, Viking x2  
  70  5:35  SCV  
  76  5:38  Supply Depot  
  76  5:40  Siege Tank  
  76  5:42  SCV, Marine  
  80  5:49  SCV  
  82  5:54  SCV  
  83  6:00  Viking x2  
  83  6:01  Refinery, SCV  
  83  6:03  Marine  
  89  6:06  SCV  
  90  6:14  SCV  
  90  6:16  Barracks  
  90  6:17  Barracks  
  90  6:18  SCV  
  90  6:21  Siege Tank  
  95  6:26  SCV  
  95  6:29  Engineering Bay, Orbital Command  
  95  6:31  Engineering Bay, SCV  
  96  6:34  Viking  
  96  6:38  SCV  
  96  6:39  Viking  
  101  6:45  SCV  
  100  6:48  Orbital Command  
  100  6:51  SCV  
  101  6:54  Siege Tank  
  101  6:57  SCV  
  101  6:58  Terran Infantry Armor Level 1, Terran Infantry Weapons Level 1  
  101  7:00  Supply Depot  
  105  7:03  SCV  
  105  7:06  Marine  
  105  7:07  Viking  
  109  7:09  Barracks Reactor  
  109  7:13  Barracks Reactor  
  109  7:16  Supply Depot  
  109  7:22  SCV x3  
  112  7:25  Supply Depot  
  112  7:26  Combat Shield, Marine  
  113  7:30  Supply Depot  
  113  7:34  SCV x3  
  113  7:35  Refinery  
  113  7:36  Refinery  
  115  7:43  Marine  
  115  7:46  SCV x3  
  101  7:52  Marine  
  101  7:53  Marine x3  
  101  7:58  SCV x3  
  93  8:00  Medivac, Siege Tank  
  93  8:01  Medivac, Marine  
  97  8:09  Barracks  
  97  8:10  SCV x2, Marine x2  
  97  8:11  Marine x2  
  97  8:12  Barracks  
  104  8:19  Marine  
  104  8:24  Factory, Command Center, Armory  
  104  8:28  Marine x3  
  104  8:29  Sensor Tower, Marine  
  104  8:33  Medivac x2  
  112  8:36  Siege Tank  
  116  8:46  Marine x4  
  116  8:47  Supply Depot, SCV x3  
  122  8:57  Barracks  
  122  8:58  Barracks Reactor, Barracks  
  122  8:59  SCV x3  
  122  9:00  Barracks Reactor x2  
  125  9:04  Marine x4  
  125  9:05  Supply Depot  
  131  9:10  Siege Tank  
  131  9:12  Terran Infantry Weapons Level 2  
  131  9:15  Terran Infantry Armor Level 2, Supply Depot  
  132  9:18  SCV x3  
  132  9:22  Marine x4  
  139  9:28  Medivac  
  139  9:29  Medivac  
  143  9:38  Marine x2  
  143  9:39  Marine  
  143  9:40  Marine x3  
  143  9:42  Marine x2  
  143  9:43  Marine  
  143  9:44  Barracks Reactor, Marine  
  147  9:45  Barracks Reactor  
  147  9:48  Terran Vehicle Weapons Level 1  
  146  9:53  Refinery  
  146  9:54  Sensor Tower, Refinery  
  146  9:55  Marine  
  146  9:56  Marine  
  146  9:57  Marine x3  
  151  10:02  Missile Turret  
  151  10:03  Marine x5  
  151  10:04  Siege Tank  
  151  10:07  Viking  
  161  10:10  Planetary Fortress  
  158  10:14  Marine x2  
  158  10:16  Marine  
  158  10:17  Marine  
  158  10:20  Marine x2  
  162  10:25  Marine x2  
  162  10:26  Marine x2  
  166  10:31  Marine  
  166  10:32  Marine x5  
  166  10:33  Starport  
  166  10:35  Starport, Siege Tank  
  175  10:41  Viking x2  
  179  10:48  Marine  
  180  10:52  Missile Turret  
  180  10:53  Missile Turret  
  180  10:55  Supply Depot x2  
  180  10:56  Marine x3  
  183  11:04  Marine x5  
  181  11:05  Marine x4  
  181  11:10  Marine  
  188  11:12  Marine  
  188  11:14  Marine x2  
  188  11:15  Marine  
  140  11:19  Siege Tank  
  140  11:22  Starport Tech Lab x2, Marine x6  
  140  11:23  Siege Tank, Marine x2  
  140  11:24  Viking  
  144  11:29  Marine x3  
  144  11:32  Marine x2  
  129  11:42  Marine x2  
  129  11:43  Marine x2  
  129  11:44  Marine x2  
  129  11:45  Raven x2  
  133  11:47  Marine x2  
  133  11:49  Marine x2  
  133  11:51  Siege Tank  
  133  11:52  Medivac  
  135  11:55  Siege Tank  
  135  11:56  SCV, Marine x2  
  135  11:58  SCV x2  
  143  12:03  Marine x3  
  143  12:05  Marine x2  
  143  12:06  Marine x2  
  143  12:08  SCV  
  121  12:09  SCV  
  121  12:10  SCV  
  121  12:11  SCV  
  113  12:20  SCV  
  113  12:21  SCV, Marine  
  114  12:23  Siege Tank, SCV x2, Marine  
  114  12:24  Marine  
  121  12:32  SCV  
  121  12:33  SCV, Siege Tank  
  121  12:35  Raven, SCV  
  121  12:37  Raven  
  132  12:44  Viking  
  132  12:46  Viking  
  132  12:49  Marine  
  132  12:50  Marine x7  
  138  12:52  Marine x2  
  138  12:54  Marine  
  138  12:55  Marine x2  
  143  13:05  Marine  
Tags
 
Add a new tag
Caveats
  • Supply blocks, unpowered buildings, or Contaminate may cause inaccurate times.
  • Supply counts are checked every 10 seconds.